 Dungeon Crawl Stone Soup version 0.28.0 (webtiles) character file.

Game seed: 14024672173734845751

53 AmazingTV the Sneak (level 3, -4/18 HPs)
             Began as a Spriggan Brigand on Mar 23, 2024.
             Killed from afar by Sigmund (5 damage)
             ... with a magic dart
             ... on level 2 of the Dungeon.
             The game lasted 00:06:26 (2539 turns).

AmazingTV the Sneak (Spriggan Brigand)              Turns: 2539, Time: 00:06:27

Health: -4/18      AC:  3    Str:  9    XL:     3   Next: 62%
Magic:  4/4        EV: 17    Int: 12    God:
Gold:   99         SH:  0    Dex: 16    Spells: 2/2 levels left

rFire   . . .      SeeInvis +   a - +2 dagger {short}
rCold   + . .      Faith    .   (no shield)
rNeg    . . .      Spirit   .   b - +0 robe
rPois   .          Reflect  .   (helmet restricted)
rElec   .          Harm     .   c - +0 cloak
rCorr   .          Rampage  .   (gloves unavailable)
Will    .....                   (boots unavailable)
Stlth   +.........              (no amulet)
HPRegen 0.06/turn               j - ring of protection from cold
MPRegen 0.09/turn               (no ring)

@: confused, very quick
A: very small, no large weapons, unfitting armour, see invisible, speed 3
a: no special abilities


You were on level 2 of the Dungeon.
You visited 1 branch of the dungeon, and saw 2 of its levels.

You collected 99 gold pieces.


Innate Abilities, Weirdness & Mutations

You are very small and have problems with some larger weapons.
You are too small for most types of armour.
You have supernaturally acute eyesight. (SInv)
You cover ground extremely quickly. (Speed+++)


   Skills:
 + Level 2.0 Fighting
 + Level 2.8 Short Blades
 + Level 2.5 Throwing
 + Level 2.3 Dodging
 + Level 6.3 Stealth


You had 2 spell levels left.
You didn't know any spells.
Your spell library was empty.

Inventory:

Hand Weapons
 a - a +2 dagger (weapon) {short}
Missiles
 d - 2 poisoned darts (quivered)
 e - 4 curare-tipped darts {=f}
 g - 28 sling bullets
 i - 14 bolts
 o - 31 stones
Armour
 b - a +0 robe (worn)
 c - a +0 cloak (worn)
Jewellery
 j - a ring of protection from cold (left hand)
   (You found it on level 1 of the Dungeon)
Scrolls
 h - a scroll of noise {unknown}
 k - 2 scrolls of identify {unknown}
 l - a scroll of acquirement {unknown}
 n - a scroll of teleportation {unknown}
 q - a scroll of brand weapon {unknown}
Potions
 f - a potion of brilliance {unknown}
 m - a potion of attraction {unknown}
 p - a potion of berserk rage {unknown}

Dungeon Overview and Level Annotations

Branches:
Dungeon (2/15)

Altars:

Shops:
D:1 (

Annotations:
D:2 Sigmund

..........# #.).>...#
## .##.......#
#.......# ...
.##.......# #.......#
..... .##)......#
#.......# #........
..........#
###.....###..(.....
..........#
##.##............
......#####
#.##.......(.. #####.#
#.##.......... #.#
#@##.......### #.#
#..'@......#
#.#############.......#
#.##..........#.....[.#
#.##.########.#.......#
#....#.#....#.#.......#
#......#.##.#.#.......#
##.###.#.##.#.#######.#
#.#...#.##.#.# #.#


You could see Sigmund.


Message History

You hit the worm.
The worm looks more healthy.
The worm misses you.
You hit the worm. You barely miss the worm. The worm bites you. 😕 HP[-2]
You take 2 damage, and now have 16/18 hp.
You barely miss the worm. You hit the worm but do no damage.
The worm bites you. 😮 HP[-6]
You take 6 damage, and now have 10/18 hp.
MASSIVE DAMAGE!! (PAUSE)
You hit the worm. You hit the worm. The worm barely misses you.
You hit the worm.
You kill the worm!
You now have 81 gold pieces (gained 3).
d - 5 poisoned darts (gained 1)
Found a stone staircase leading up. 😎 HP[+8]
Your hp is fully restored (18).
p - an inky potion A kobold comes into view.
It is wielding a +0 club.
The kobold shouts!
The kobold throws a stone.
The stone completely misses you.
You throw a poisoned dart.
The poisoned dart barely misses the kobold.
The kobold throws a stone.
The stone closely misses you.
You throw a poisoned dart.
The poisoned dart closely misses the kobold.
The kobold misses you.
You barely miss the kobold. The kobold completely misses you.
You hit the kobold.
You kill the kobold!
o - 31 stones (gained 2)
Things that are here:
a +0 club {mace}; a kobold corpse
Found a stone staircase leading down.
d - 5 poisoned darts (gained 2)
q - a scroll labelled BAB WA ZUWUS A frilled lizard comes into view.
The helpless frilled lizard fails to defend itself.
You impale the frilled lizard!!
You kill the frilled lizard!
You see here a frilled lizard corpse.
Found a stone staircase leading up.
The hobgoblin shouts!
The hobgoblin hits you but does no damage.
You completely miss the hobgoblin. The hobgoblin barely misses you.
You throw a poisoned dart. The poisoned dart hits the hobgoblin!
The hobgoblin is poisoned.
The hobgoblin closely misses you.
You hit the hobgoblin.
You kill the hobgoblin!
d - 5 poisoned darts (gained 1)
You see here a hobgoblin corpse.
You open the door.
A kobold comes into view. It is wielding a +0 short sword.
There is an open door here.
No target in view!
You throw a poisoned dart.
The poisoned dart barely misses the kobold.
You throw a poisoned dart. The poisoned dart hits the kobold.
The kobold is poisoned.
The kobold misses you.
You closely miss the kobold.
You kill the kobold!
You see here a +0 short sword {short}.
d - 4 poisoned darts (gained 1)
You now have 99 gold pieces (gained 18).
Sigmund is nearby!
You throw a poisoned dart. The poisoned dart hits Sigmund.
Sigmund is poisoned.
Sigmund shouts!
You throw a poisoned dart.
The poisoned dart closely misses Sigmund.
Sigmund casts a spell at you.
You are confused.
You bump into the rock wall.
Sigmund casts a spell at you. The puff of flame hits you!
Ouch! That really hurt!
* * * LOW HITPOINT WARNING * * *
😨 HP[-10]
You take 10 damage, and now have 8/18 hp.
MASSIVE DAMAGE!! (PAUSE) Sigmund looks more healthy.
Sigmund points at you and mumbles some strange words.
The magic dart hits you!
* * * LOW HITPOINT WARNING * * *
😱 HP[-7]
You take 7 damage, and now have 1/18 hp.
MASSIVE DAMAGE!! (PAUSE) Sigmund misses you.
You feel less confused.
There is an open door here.
Sigmund gestures at you while chanting.
You are confused.
You are too confused!
You bump into the rock wall.
You bump into the rock wall.
Sigmund gestures at you while chanting. The magic dart hits you.
You die...

Skill      XL: |  1  2  3 |
---------------+----------+-----
Stealth        | 6 |  6.3
Dodging        | 2 |  2.3
Fighting       | 2 |  2.0
Short Blades   | |  2.8
Throwing       | |  2.5

Action                   || total
-------------------------++-------
Melee: Dagger            ||    98
Throw: Dart              ||    37
 Stab: Sleeping          ||    12
Armor: Robe              ||    12
Dodge: Dodged            ||    53

Levels and vault maps discovered:
D:1:      eino_arrival_druids_welcome, layout_loops_ring, serial_shops,
          nicolae_lakefront_shop, serial_forest, infiniplex_forest_clump_medium,
          infiniplex_forest_zigzag_1, infiniplex_forest_clump_tiny,
          infiniplex_forest_straight_2, infiniplex_forest_corner_2,
          infiniplex_forest_lined_2, infiniplex_forest_end_1,
          infiniplex_forest_clump_tiny, infiniplex_forest_lined_corner,
          minmay_tetromino_t2
D:2:      layout_basic, uniq_sigmund

Notes
Turn   | Place    | Note
-------+----------+-------------------------------------------
     0 | D:1      | AmazingTV the Spriggan Brigand began the quest for the Orb.
     0 | D:1      | Reached XP level 1. HP: 10/10 MP: 2/2
     0 | D:1      | magus.rc [v1.9.6]
    28 | D:1      | HP: 2/10 [kobold (4)]
   344 | D:1      | Reached skill level 6 in Stealth
   357 | D:1      | Reached XP level 2. HP: 15/15 MP: 3/3
   639 | D:1      | Reached skill level 2 in Dodging
  1195 | D:1      | Found Woraanae's Antique Weapon Boutique.
  1383 | D:2      | Reached XP level 3. HP: 18/18 MP: 4/4
  1431 | D:2      | HP: 4/18 [worm (9)]
  1949 | D:2      | Noticed Sigmund
  2020 | D:2      | Reached skill level 2 in Fighting
  2526 | D:2      | HP: 1/18 [Sigmund/magic dart (7)]
  2539 | D:2      | Killed from afar by Sigmund

Vanquished Creatures
  An adder (D:2)
  2 worms (D:2)
  4 ball pythons
  4 endoplasms
  A giant cockroach (D:1)
  5 hobgoblins
  A jackal (D:1)
  4 kobolds
  5 bats
  4 frilled lizards
  3 goblins
  3 rats (D:1)
37 creatures vanquished.

Vanquished Creatures (others)
  2 plants (D:1)
2 creatures vanquished.

Grand Total: 39 creatures vanquished

Table legend:
 A = Non-vault XP
 B = Vault XP
 C = Vault XP percentage of total XP
 D = Non-vault monster count
 E = Vault monster count
 F = Vault count percentage of total count
                 A         B        C        D         E       F
            +---------+---------+-------+---------+---------+-------
      Total |      73 |       3 |   3.9 |      35 |       2 |   5.4
            +---------+---------+-------+---------+---------+-------
        D:1 |      37 |       3 |   7.5 |      23 |       2 |   8.0
        D:2 |      36 |       0 |   0.0 |      12 |       0 |   0.0
            +---------+---------+-------+---------+---------+-------

Illustrated notes

Table legend:
 A = Kills in this place as a percentage of kills in entire the game.
 B = Kills by you in this place as a percentage of kills by you in the entire game.
 C = Kills by friends in this place as a percentage of kills by friends in the entire game.
 D = Other kills in this place as a percentage of other kills in the entire game.
 E = Experience gained in this place as a percentage of experience gained in the entire game.
 F = Experience gained in this place divided by the number of levels of this place that you have seen.
                   A       B       C       D       E      F
               +-------+-------+-------+-------+-------+----------------------
         Total | 100.0 | 100.0 |   N/A |   N/A | 100.0 |  38.0
       Dungeon | 100.0 | 100.0 |   N/A |   N/A | 100.0 |  38.0
               +-------+-------+-------+-------+-------+----------------------

Table legend: (Time is in decaauts)
 A = Elapsed time spent in this place.
 B = Non-inter-level travel time spent in this place.
 C = Inter-level travel time spent in this place.
 D = Time resting spent in this place.
 E = Time spent auto-exploring this place.
 F = Levels seen in this place.
 G = Mean time per level.
                   A        B        C        D        E       F      G
               +--------+--------+--------+--------+--------+-----+--------+
         Total |   1904 |   1870 |     34 |    563 |    973 |   2 |  952.0 |
       Dungeon |   1904 |   1870 |     34 |    563 |    973 |   2 |  952.0 |
               +--------+--------+--------+--------+--------+-----+--------+

Top non-repeatable levels by time:
     D:1: 989 daAuts
     D:2: 915 daAuts
